[Event "XXXIX Benasque Open 2019"]
[Site "Benasque"]
[Date "2019.07.09"]
[Round "6.4"]
[White "Ubilava, Elizbar"]
[Black "Vazquez Igarza, Renier"]
[Result "1/2-1/2"]
[ECO "A33"]
[WhiteElo "2481"]
[BlackElo "2558"]
[Annotator "ChessBase"]
[PlyCount "67"]
[EventDate "2019.07.04"]
[EventType "swiss"]
[EventCountry "ESP"]
[SourceTitle "playchess.com"]
[Source "ChessBase"]
[SourceQuality "1"]
[TimeControl "5400+30"]

1. c4 c5 2. Nf3 Nc6 3. d4 cxd4 4. Nxd4 Nf6 5. Nc3 e6 6. e4 Bb4 7. Nxc6 bxc6 8. Bd3 e5 9. O-O d6 10. Na4 O-O 11. Bg5 h6 12. Bh4 Re8 13. Rc1 Rb8 14. f3 Be6 15. a3 Ba5 16. b4 Bc7 17. Re1 Qe7 18. Bf2 Ra8 19. Qc2 Nh5 20. g3 Nf6 21. Bf1 Nh7 22. Bg2 Ng5 23. Be3 Bd7 24. c5 Ne6 25. cxd6 Bxd6 26. Red1 Red8 27. Rd3 Be8 28. Rcd1 Bc7 29. Rxd8 Bxd8 30. Bf1 a5 31. Nc5 Bb6 32. Qc3 axb4 33. axb4 Nxc5 34. bxc5 1/2-1/2

[Event "XXXIX Benasque Open 2019"]
[Site "Benasque"]
[Date "2019.07.09"]
[Round "6.5"]
[White "Kharitonov, Alexandr"]
[Black "Gascon Del Nogal, Jose Rafael"]
[Result "1/2-1/2"]
[ECO "E68"]
[WhiteElo "2540"]
[BlackElo "2466"]
[Annotator "ChessBase"]
[PlyCount "58"]
[EventDate "2019.07.04"]
[EventType "swiss"]
[EventCountry "ESP"]
[SourceTitle "playchess.com"]
[Source "ChessBase"]
[SourceQuality "1"]
[TimeControl "5400+30"]

1. d4 Nf6 2. c4 g6 3. g3 Bg7 4. Bg2 O-O 5. Nf3 d6 6. O-O Nbd7 7. Nc3 e5 8. e4 exd4 9. Nxd4 Re8 10. h3 a6 11. Be3 Rb8 12. b3 Nc5 13. Qc2 Bd7 14. Rad1 Qc8 15. b4 Ne6 16. Nde2 c5 17. bxc5 Nxc5 18. Rxd6 Be6 19. Nd5 Bxd5 20. exd5 Rxe3 21. fxe3 Nfd7 22. Nf4 Be5 23. Rxd7 Qxd7 24. Nd3 Nxd3 25. Qxd3 Qd6 26. g4 b5 27. cxb5 Rxb5 28. Rb1 Ra5 29. Qd2 Rc5 1/2-1/2

[Event "XXXIX Benasque Open 2019"]
[Site "Benasque"]
[Date "2019.07.09"]
[Round "6.6"]
[White "Lopez Mulet, Inigo"]
[Black "Dimitrov, Radoslav"]
[Result "1-0"]
[ECO "A40"]
[WhiteElo "2378"]
[BlackElo "2530"]
[Annotator "ChessBase"]
[PlyCount "75"]
[EventDate "2019.07.04"]
[EventType "swiss"]
[EventCountry "ESP"]
[SourceTitle "playchess.com"]
[Source "ChessBase"]
[SourceQuality "1"]
[TimeControl "5400+30"]

1. d4 g6 2. c4 Bg7 3. Nf3 c5 4. d5 d6 5. g3 e6 6. Nc3 Ne7 7. Bg2 exd5 8. cxd5 O-O 9. Bf4 Bg4 10. Nd2 Nc8 11. h3 Bd7 12. Nc4 b5 13. Nxd6 g5 14. Nxc8 gxf4 15. Nd6 fxg3 16. fxg3 Qb6 17. Nde4 f5 18. Ng5 b4 19. Na4 Qg6 20. h4 Bd4 21. d6 Nc6 22. Nxc5 Bxc5 23. Qd5+ Kg7 24. Qxc5 h6 25. Bxc6 Bxc6 26. Qxc6 hxg5 27. hxg5 Rac8 28. Qb7+ Qf7 29. d7 Rcd8 30. Rd1 Qe7 31. Qxa7 Qxg5 32. Qd4+ Rf6 33. Qh4 Qg6 34. Rd3 Kf7 35. Qh7+ Ke6 36. Re3+ Kd5 37. Qe7 Rff8 38. Re5+ 1-0

[Event "XXXIX Benasque Open 2019"]
[Site "Benasque"]
[Date "2019.07.09"]
[Round "6.7"]
[White "Sos Andreu, Eric"]
[Black "Deac, Bogdan-Daniel"]
[Result "0-1"]
[ECO "A37"]
[WhiteElo "2343"]
[BlackElo "2621"]
[Annotator "RC"]
[PlyCount "98"]
[EventDate "2019.07.04"]
[EventType "swiss"]
[EventCountry "ESP"]
[SourceTitle "playchess.com"]
[Source "ChessBase"]
[SourceQuality "1"]
[TimeControl "5400+30"]

1. Nf3 c5 2. c4 Nc6 3. g3 g6 4. Nc3 Bg7 5. Bg2 d6 6. O-O e6 7. e3 Nge7 8. d4 O-O 9. Qd3 b6 10. b3 Ba6 11. Bb2 cxd4 12. Nxd4 d5 13. Nxc6 Nxc6 14. Qd2 Rc8 15. cxd5 Bxf1 16. Rxf1 Ne7 17. d6 Qd7 18. Rd1 Nc6 19. Ne4 f6 20. h4 Nd8 21. g4 f5 22. Bxg7 Qxg7 23. d7 Rc7 24. Qd6 Rc6 25. Nf6+ Qxf6 26. Bxc6 fxg4 27. Rd2 Qxh4 28. Bg2 Qf6 29. Qc7 Qa1+ 30. Kh2 Qf6 31. Kg1 Nf7 32. Qg3 h5 33. Qc7 g5 34. Qxa7 Qa1+ 35. Kh2 Qe5+ 36. Kg1 Qc5 37. Rd4 Nd8 38. Qb8 Qc2 39. Qg3 h4 40. Qxg4 Qxf2+ 41. Kh2 Qxe3 42. Re4 Qc5 43. Qh5 Kg7 44. b4 Qd6+ 45. Kh1 Rf5 46. Qe8 h3 47. Bxh3 Rf2 48. Bg2 Qg3 49. Qe7+ Nf7 0-1

[Event "XXXIX Benasque Open 2019"]
[Site "Benasque"]
[Date "2019.07.09"]
[Round "6.8"]
[White "Hovhannisyan, Robert"]
[Black "Milliet, Sophie"]
[Result "1-0"]
[ECO "B44"]
[WhiteElo "2640"]
[BlackElo "2409"]
[Annotator "RC"]
[PlyCount "63"]
[EventDate "2019.07.04"]
[EventType "swiss"]
[EventCountry "ESP"]
[SourceTitle "playchess.com"]
[Source "ChessBase"]
[SourceQuality "1"]
[TimeControl "5400+30"]

1. e4 c5 2. Nf3 e6 3. d4 cxd4 4. Nxd4 Nc6 5. g3 d5 6. Nc3 Nf6 7. Bg2 Qb6 8. Nb3 d4 9. e5 dxc3 10. exf6 gxf6 11. bxc3 Qb5 12. Be3 Be7 13. Rb1 Qc4 14. Nd2 Qxc3 15. Rb3 Qa5 16. O-O Qc7 17. Ne4 f5 18. Qa1 e5 19. Nc3 Be6 20. Nb5 Qb8 21. Nxa7 Bxb3 22. Nxc6 Rxa2 23. Nxb8 Rxa1 24. Rxa1 Bxc2 25. Rc1 O-O 26. Rxc2 Rxb8 27. Rc7 Bd6 28. Rd7 f4 29. Rxd6 fxe3 30. fxe3 b5 31. Bd5 Kg7 32. Rd7 1-0

[Event "XXXIX Benasque Open 2019"]
[Site "Benasque"]
[Date "2019.07.09"]
[Round "6.9"]
[White "Banusz, Tamas"]
[Black "Valmana Canto, Jaime"]
[Result "1-0"]
[ECO "E63"]
[WhiteElo "2626"]
[BlackElo "2401"]
[Annotator "RC"]
[PlyCount "90"]
[EventDate "2019.07.04"]
[EventType "swiss"]
[EventCountry "ESP"]
[SourceTitle "playchess.com"]
[Source "ChessBase"]
[SourceQuality "1"]
[TimeControl "5400+30"]

1. Nf3 Nf6 2. g3 g6 3. Bg2 Bg7 4. d4 O-O 5. c4 d6 6. Nc3 Nc6 7. O-O a6 8. e3 Rb8 9. Qe2 b5 10. b3 bxc4 11. bxc4 Na5 12. Ba3 Be6 13. d5 Bg4 14. Rab1 Nd7 15. Rxb8 Qxb8 16. Rb1 Nb6 17. c5 Nac4 18. cxb6 Nxa3 19. Rb3 Bxc3 20. Qxa6 Bf6 21. b7 Nc2 22. Nd2 Na1 23. Rb1 Bc3 24. Nc4 Bc8 25. Na3 Bxb7 26. Rxb7 Qa8 27. Ra7 Qb8 28. Nb5 Bf6 29. Rxc7 Qa8 30. Qxa8 Rxa8 31. Na7 Nc2 32. a4 Nb4 33. a5 Kg7 34. Rb7 Na6 35. Nc6 Bc3 36. Rb3 Bd2 37. Kf1 Nc5 38. Ra3 Na6 39. Ke2 Bb4 40. Rb3 Bc5 41. Nxe7 Kf8 42. Nc6 Nc7 43. Rb7 Ne8 44. Kd3 Nf6 45. h3 Ke8 {[%emt 0:00:09] Ke4} 1-0

[Event "XXXIX Benasque Open 2019"]
[Site "Benasque"]
[Date "2019.07.09"]
[Round "6.10"]
[White "Plazuelo Pascual, Juan"]
[Black "Martinez Alcantara, Jose Eduardo"]
[Result "0-1"]
[ECO "A80"]
[WhiteElo "2403"]
[BlackElo "2601"]
[Annotator "RC"]
[PlyCount "222"]
[EventDate "2019.07.04"]
[EventType "swiss"]
[EventCountry "ESP"]
[SourceTitle "playchess.com"]
[Source "ChessBase"]
[SourceQuality "1"]
[TimeControl "5400+30"]

1. d4 f5 2. Bg5 Nf6 3. Nd2 d5 4. Bxf6 exf6 5. e3 Be6 6. Bd3 Nc6 7. c3 Bd6 8. Ne2 Qd7 9. Qc2 g6 10. h4 a6 11. a3 Ne7 12. c4 c6 13. O-O-O b5 14. c5 Bc7 15. b3 h5 16. g3 Ng8 17. Nf4 Bf7 18. Rde1 Nh6 19. Kb2 Kf8 20. Re2 Re8 21. Nf3 Ng4 22. Ree1 Ba5 23. Ref1 Kg7 24. Nh2 Nh6 25. Nf3 Re7 26. Rhg1 Ng4 27. Rg2 Qe8 28. Nh2 Bc7 29. Nxg4 fxg4 30. Rgg1 a5 31. Ng2 Rf8 32. Qe2 Re4 33. Re1 g5 34. Rgf1 Qe6 35. Qd1 Ra8 36. Re2 Bg6 37. Rd2 Qf5 38. Re2 Ra7 39. Kc2 Bd8 40. Rg1 Rae7 41. Rd2 Bc7 42. Kc1 Re8 43. Bc2 Qe6 44. Bd3 Qg8 45. Re1 Bd8 46. Rf1 Qh7 47. Rh1 Be7 48. Kb2 Bf8 49. Kc1 Kg8 50. Bc2 Qa7 51. Kb2 Bg7 52. Ka2 Qd7 53. Bd3 Qf7 54. Rg1 Bh6 55. Bc2 Bh7 56. Rh1 Kh8 57. Kb2 b4 58. a4 Kg7 59. Ka2 Bg6 60. Kb2 Qe6 61. Bd3 Re7 62. Bc2 Qf5 63. Rg1 Kf7 64. Bd3 Kf8 65. Ka2 Bf7 66. Kb2 Qf3 67. Re2 Bg6 68. Rd2 Bh7 69. Ka1 Kg7 70. Qc2 Re8 71. Ne1 Qf5 72. Ng2 Qd7 73. Rh1 Qf7 74. Kb2 Rh8 75. Ka2 Qe8 76. Kb2 Bg6 77. Ka2 Qf7 78. Kb2 Bh7 79. Ka2 Rhe8 80. Kb2 gxh4 81. Rxh4 Bg6 82. Rh1 Bg5 83. Nh4 Bh7 84. Ng2 Rh8 85. Qd1 Ree8 86. Bxh7 Rxh7 87. Qc2 Qg6 88. Qxg6+ Kxg6 89. Kc2 h4 90. gxh4 Reh8 91. Rg1 Bxh4 92. f3 Bg3 93. fxg4 Re8 94. Rf1 Re4 95. Nf4+ Bxf4 96. Rxf4 Rxe3 97. Rdf2 Re6 98. Kd3 Rh3+ 99. Kc2 Rc3+ 100. Kb2 Rg3 101. Kc2 Rc3+ 102. Kb2 Kg7 103. Rf5 Rg3 104. R5f4 Ree3 105. Rxf6 Rxb3+ 106. Kc2 Rgc3+ 107. Kd1 Rb1+ 108. Kd2 Rb2+ 109. Kd1 Rd3+ 110. Kc1 Rxf2 111. Rxf2 Rxd4 0-1

[Event "XXXIX Benasque Open 2019"]
[Site "Benasque"]
[Date "2019.07.10"]
[Round "7.5"]
[White "Deac, Bogdan-Daniel"]
[Black "Gordon, Stephen J"]
[Result "1-0"]
[ECO "B48"]
[WhiteElo "2621"]
[BlackElo "2516"]
[Annotator "RC"]
[PlyCount "101"]
[EventDate "2019.07.04"]
[EventType "swiss"]
[EventCountry "ESP"]
[SourceTitle "playchess.com"]
[Source "ChessBase"]
[SourceQuality "1"]
[TimeControl "5400+30"]

1. e4 c5 2. Nc3 Nc6 3. Nf3 e6 4. d4 cxd4 5. Nxd4 Qc7 6. Be3 a6 7. Qf3 Nf6 8. O-O-O Ne5 9. Qg3 b5 10. a3 Bb7 11. Bxb5 Rc8 12. Ba4 Nxe4 13. Nxe4 Bxe4 14. Bf4 Qa5 15. Bxe5 Qxa4 16. Rd2 h5 17. Re1 Bg6 18. Bd6 Qc4 19. b3 Bxd6 20. Qxd6 Qc7 21. Qxc7 Rxc7 22. f4 Kd8 23. Re5 Kc8 24. Ra5 Kb7 25. f5 exf5 26. Nxf5 Bxf5 27. Rxf5 f6 28. Rfd5 Kc8 29. h4 Rh6 30. Kb2 g5 31. Rd6 Rc6 32. Rxd7 gxh4 33. R7d4 Rg6 34. Rxh4 Rg5 35. g3 Rxg3 36. Rxh5 Rg7 37. Rh8+ Kc7 38. Rf8 Rd7 39. Rf2 Rdd6 40. Rf7+ Kb6 41. a4 a5 42. Rf8 Kb7 43. Rh8 Rd5 44. Rh7+ Kb6 45. Rf7 Rdc5 46. Rf8 Rc3 47. Rb8+ Ka6 48. Rb5 Re3 49. Rff5 Re2 50. Rxa5+ Kb6 51. Rab5+ 1-0

[Event "XXXIX Benasque Open 2019"]
[Site "Benasque"]
[Date "2019.07.10"]
[Round "7.6"]
[White "Martinez Alcantara, Jose Eduardo"]
[Black "Ubilava, Elizbar"]
[Result "1-0"]
[ECO "C77"]
[WhiteElo "2601"]
[BlackElo "2481"]
[Annotator "RC"]
[PlyCount "125"]
[EventDate "2019.07.04"]
[EventType "swiss"]
[EventCountry "ESP"]
[SourceTitle "playchess.com"]
[Source "ChessBase"]
[SourceQuality "1"]
[TimeControl "5400+30"]

1. e4 e5 2. Nf3 Nc6 3. Bb5 a6 4. Ba4 Nf6 5. d3 d6 6. c3 g6 7. O-O Bg7 8. h3 O-O 9. Re1 b5 10. Bc2 Bb7 11. a4 Nb8 12. Na3 Nbd7 13. Bg5 c6 14. Qd2 Nc5 15. d4 Ne6 16. Bh6 Qc7 17. Bb3 Rfe8 18. Bxe6 Rxe6 19. Bxg7 Kxg7 20. dxe5 dxe5 21. Qe3 Nd7 22. Red1 Nb6 23. b3 bxa4 24. bxa4 a5 25. Rab1 c5 26. Nb5 Qe7 27. Ra1 Bc6 28. Rdb1 Rb8 29. Nd2 c4 30. Na3 Bxa4 31. Rxb6 Rbxb6 32. Naxc4 Rb5 33. Rxa4 Qc7 34. Qd3 Rc6 35. Ne3 Rcc5 36. Ra3 Rb7 37. Ndc4 Ra7 38. Nd6 Qd7 39. c4 Rc6 40. Nb5 Qxd3 41. Rxd3 Ra8 42. Kf1 Kf8 43. Rc3 Ke7 44. Nd5+ Kf8 45. Ke2 f5 46. Kd3 Kf7 47. f3 Kg7 48. c5 Rd8 49. Kc4 Kf8 50. Nbc7 Rb8 51. Ra3 Rb1 52. Rxa5 Rc1+ 53. Kb4 Rb1+ 54. Kc3 Kf7 55. Na6 Kg7 56. Kc4 fxe4 57. fxe4 Rd1 58. Kb5 Rc8 59. c6 Rb1+ 60. Nab4 Re1 61. Nb6 Re8 62. c7 Rc1 63. Ra8 1-0

[Event "XXXIX Benasque Open 2019"]
[Site "Benasque"]
[Date "2019.07.10"]
[Round "7.8"]
[White "Akash Pc, Iyer"]
[Black "Markus, Robert"]
[Result "1/2-1/2"]
[ECO "A55"]
[WhiteElo "2441"]
[BlackElo "2595"]
[Annotator "ChessBase"]
[PlyCount "90"]
[EventDate "2019.07.04"]
[EventType "swiss"]
[EventCountry "ESP"]
[SourceTitle "playchess.com"]
[Source "ChessBase"]
[SourceQuality "1"]
[TimeControl "5400+30"]

1. d4 Nf6 2. c4 d6 3. Nf3 Nbd7 4. Nc3 e5 5. e4 g6 6. d5 c5 7. Be3 Ng4 8. Bg5 f6 9. Bd2 Nh6 10. h4 Nf7 11. h5 Be7 12. Qa4 a6 13. Be2 Kf8 14. Nh4 Kg7 15. g3 b5 16. cxb5 Nb6 17. Qd1 axb5 18. Bxb5 Bd7 19. Qe2 Bxb5 20. Qxb5 Rb8 21. Qe2 Qd7 22. b3 f5 23. h6+ Kf8 24. f3 f4 25. Ng2 g5 26. g4 Bd8 27. Kf2 Nc8 28. Na4 Qa7 29. Ne1 Ba5 30. Kg2 Bxd2 31. Qxd2 Ne7 32. Rc1 Ng6 33. Rc4 Nh4+ 34. Kf2 Nxh6 35. Ng2 Nxg2 36. Kxg2 Nf7 37. Nc3 Kg7 38. Ra4 Qb7 39. Qd3 Ra8 40. Qc4 Rxa4 41. Nxa4 Qa7 42. Qe2 Rb8 43. Rc1 Rh8 44. Rh1 Rb8 45. Rc1 Rh8 1/2-1/2

[Event "XXXIX Benasque Open 2019"]
[Site "Benasque"]
[Date "2019.07.10"]
[Round "7.9"]
[White "Forcen Esteban, Daniel"]
[Black "Raja Harshit"]
[Result "1-0"]
[ECO "A15"]
[WhiteElo "2566"]
[BlackElo "2434"]
[Annotator "ChessBase"]
[PlyCount "51"]
[EventDate "2019.07.04"]
[EventType "swiss"]
[EventCountry "ESP"]
[SourceTitle "playchess.com"]
[Source "ChessBase"]
[SourceQuality "1"]
[TimeControl "5400+30"]

1. c4 Nf6 2. Nf3 e6 3. b3 d5 4. Bb2 Be7 5. e3 O-O 6. Nc3 c5 7. cxd5 exd5 8. d4 b6 9. Be2 Bb7 10. O-O Nbd7 11. Rc1 Rc8 12. Rc2 a6 13. dxc5 bxc5 14. Na4 Nb6 15. Bxf6 gxf6 16. Nxb6 Qxb6 17. Nh4 f5 18. Nxf5 Qf6 19. Bd3 Rfd8 20. Qg4+ Kh8 21. Qh3 c4 22. Nxe7 cxd3 23. Rxc8 Bxc8 24. Nxc8 d2 25. Rd1 Qc3 26. Ne7 1-0

[Event "XXXIX Benasque Open 2019"]
[Site "Benasque"]
[Date "2019.07.10"]
[Round "7.10"]
[White "Padmini, Rout"]
[Black "Cruz, Cristhian"]
[Result "1/2-1/2"]
[ECO "B81"]
[WhiteElo "2385"]
[BlackElo "2562"]
[Annotator "ChessBase"]
[PlyCount "192"]
[EventDate "2019.07.04"]
[EventType "swiss"]
[EventCountry "ESP"]
[SourceTitle "playchess.com"]
[Source "ChessBase"]
[SourceQuality "1"]
[TimeControl "5400+30"]

1. e4 c5 2. Nf3 e6 3. d4 cxd4 4. Nxd4 Nf6 5. Nc3 d6 6. g4 h6 7. h4 Nc6 8. g5 hxg5 9. Bxg5 a6 10. Qd2 Qb6 11. O-O-O Qxd4 12. Qxd4 Nxd4 13. Rxd4 Bd7 14. Bg2 Be7 15. Re1 Ng4 16. f3 Ne5 17. Bxe7 Kxe7 18. Red1 Rxh4 19. Rxd6 g5 20. R6d2 Rh2 21. Rg1 Rah8 22. b3 Be8 23. Rf2 f6 24. Kd2 Bh5 25. Ke3 Rd8 26. Nb1 f5 27. exf5 exf5 28. Rd2 f4+ 29. Ke4 Rxd2 30. Nxd2 Kf6 31. c4 Bg6+ 32. Kd5 Rh7 33. Ne4+ Bxe4+ 34. Kxe4 Rh2 35. c5 Ng6 36. Bf1 Rxa2 37. Bd3 Rd2 38. Rh1 Ne5 39. Bb1 Nd7 40. Rh6+ Kg7 41. Rh1 Nf6+ 42. Kf5 Rd5+ 43. Ke6 Rxc5 44. Bf5 Rc6+ 45. Ke5 Kf7 46. b4 a5 47. Bb1 axb4 48. Ba2+ Kg7 49. Rb1 Rc5+ 50. Kd6 Rc2 51. Be6 Rc3 52. Rxb4 Rxf3 53. Ke5 Re3+ 54. Kf5 f3 55. Rxb7+ Kh6 56. Kxf6 Ra3 57. Rb8 Ra7 58. Rb3 g4 59. Bxg4 Rg7 60. Bf5 Rg8 61. Rxf3 Rg6+ 62. Ke5 Rg7 63. Rf1 Rg5 64. Ra1 Rg7 65. Kf4 Rg2 66. Ra7 Rf2+ 67. Ke5 Rb2 68. Rh7+ Kg5 69. Rg7+ Kh6 70. Rg6+ Kh5 71. Rg8 Rb6 72. Rg7 Ra6 73. Kf4 Ra4+ 74. Be4 Ra6 75. Rh7+ Rh6 76. Ra7 Rb6 77. Bf5 Rb4+ 78. Ke5 Rb6 79. Rg7 Kh6 80. Rg1 Kh5 81. Kf4 Kh6 82. Rh1+ Kg7 83. Rh7+ Kf8 84. Ke5 Kg8 85. Rc7 Kh8 86. Rf7 Rh6 87. Rd7 Kg8 88. Be6+ Kh8 89. Rf7 Rh5+ 90. Kf6 Rh6+ 91. Kf5 Rh2 92. Kg6 Rg2+ 93. Kf6 Rg8 94. Bd7 Rg7 95. Rf8+ Rg8 96. Rxg8+ Kxg8 1/2-1/2

[Event "XXXIX Benasque Open 2019"]
[Site "Benasque"]
[Date "2019.07.11"]
[Round "8.2"]
[White "Hovhannisyan, Robert"]
[Black "Rychagov, Andrey"]
[Result "1-0"]
[ECO "C10"]
[WhiteElo "2640"]
[BlackElo "2537"]
[Annotator "RC"]
[PlyCount "47"]
[EventDate "2019.07.04"]
[EventType "swiss"]
[EventCountry "ESP"]
[TimeControl "5400+30"]

1. e4 e6 2. d4 d5 3. Nc3 dxe4 4. Nxe4 Nd7 5. Nf3 Ngf6 6. Bg5 h6 7. Bxf6 Nxf6 8. Bd3 Nxe4 9. Bxe4 c5 10. Qe2 Qa5+ 11. c3 Be7 12. O-O cxd4 13. cxd4 O-O 14. Ne5 Bf6 15. Bc2 Rd8 16. Qe4 Qb6 17. Rad1 Qxb2 18. Qh7+ Kf8 19. Bb3 Ke7 20. Qe4 Kf8 21. Rd3 Bxe5 22. dxe5 Bd7 23. Rfd1 Ke8 24. Rxd7 1-0

[Event "XXXIX Benasque Open 2019"]
[Site "Benasque"]
[Date "2019.07.11"]
[Round "8.5"]
[White "Forcen Esteban, Daniel"]
[Black "Lopez Mulet, Inigo"]
[Result "1-0"]
[ECO "C12"]
[WhiteElo "2566"]
[BlackElo "2378"]
[Annotator "ChessBase"]
[PlyCount "119"]
[EventDate "2019.07.04"]
[EventType "swiss"]
[EventCountry "ESP"]
[SourceTitle "playchess.com"]
[Source "ChessBase"]
[SourceQuality "1"]
[TimeControl "5400+30"]

1. e4 e6 2. d4 d5 3. Nc3 Nf6 4. Bg5 Bb4 5. e5 h6 6. Bc1 Ne4 7. Qg4 g6 8. Nge2 c5 9. a3 Bxc3+ 10. Nxc3 Nxc3 11. bxc3 Qa5 12. Bd2 Qa4 13. h4 Qxc2 14. h5 cxd4 15. cxd4 Nc6 16. hxg6 Qxg6 17. Qxg6 fxg6 18. Bd3 Kf7 19. Bg5 Bd7 20. Bf6 Nxd4 21. Bxh8 Rxh8 22. Rc1 Bc6 23. Rd1 Nf5 24. g4 Ne7 25. Rh3 Kg7 26. Rf3 g5 27. Rf6 Bd7 28. Kd2 Nc6 29. Rg6+ Kf7 30. Re1 Nd4 31. Ke3 Nc6 32. f4 h5 33. Rxg5 hxg4 34. Bg6+ Ke7 35. Rh5 Rg8 36. Rh7+ Kd8 37. Bf7 Rf8 38. Kf2 Nd4 39. Rg1 Be8 40. Bxe8 Rxf4+ 41. Kg2 Kxe8 42. Rxb7 Nf5 43. Rgb1 Rf3 44. Rxa7 Rg3+ 45. Kf2 Rf3+ 46. Ke1 Ne7 47. Rb8+ Kf7 48. Rbb7 Re3+ 49. Kf2 Rxe5 50. Rxe7+ Kf6 51. Rf7+ Kg5 52. Rg7+ Kf5 53. Raf7+ Ke4 54. Rxg4+ Kd3 55. Rf3+ Kc2 56. a4 Rh5 57. Rg2 Rh1 58. a5 d4 59. Kg3+ Kb1 60. a6 1-0

[Event "XXXIX Benasque Open 2019"]
[Site "Benasque"]
[Date "2019.07.11"]
[Round "8.6"]
[White "Marin, Mihail"]
[Black "Vazquez Igarza, Renier"]
[Result "0-1"]
[ECO "A03"]
[WhiteElo "2525"]
[BlackElo "2558"]
[Annotator "ChessBase"]
[PlyCount "106"]
[EventDate "2019.07.04"]
[EventType "swiss"]
[EventCountry "ESP"]
[SourceTitle "playchess.com"]
[Source "ChessBase"]
[SourceQuality "1"]
[TimeControl "5400+30"]

1. f4 d5 2. Nf3 Nf6 3. g3 g6 4. Bg2 Bg7 5. O-O c5 6. d3 Nc6 7. Nc3 d4 8. Na4 Nd7 9. c4 dxc3 10. Nxc3 O-O 11. Be3 b6 12. d4 Bb7 13. Rc1 Nxd4 14. Nxd4 Bxg2 15. Kxg2 cxd4 16. Bxd4 e5 17. Bg1 exf4 18. gxf4 Rc8 19. Rf3 Nc5 20. Qxd8 Rfxd8 21. Nb5 Bxb2 22. Rc2 Na4 23. Rxc8 Rxc8 24. Nxa7 Rc2 25. Rb3 Rxe2+ 26. Kf3 Rc2 27. Rb4 Rc3+ 28. Kg2 Ra3 29. Nc8 Rxa2 30. Kf3 Bc3 31. Rb3 Ba5 32. Rd3 b5 33. Nd6 Bb6 34. Bxb6 Nxb6 35. Nxb5 Rxh2 36. Rd8+ Kg7 37. Nd6 Rc2 38. Rb8 Rc6 39. Ne8+ Kh6 40. Rb7 Re6 41. Rb8 Nd5 42. Rd8 Re3+ 43. Kf2 Re4 44. Rxd5 Rxe8 45. Kg3 Kg7 46. Ra5 Re3+ 47. Kf2 Rb3 48. Kg2 h6 49. Kf2 Kf6 50. Kg2 g5 51. Ra6+ Kg7 52. Ra5 Kg6 53. Ra6+ f6 0-1

[Event "XXXIX Benasque Open 2019"]
[Site "Benasque"]
[Date "2019.07.11"]
[Round "8.8"]
[White "Ter-Sahakyan, Samvel"]
[Black "Akash Pc, Iyer"]
[Result "1-0"]
[ECO "B31"]
[WhiteElo "2625"]
[BlackElo "2441"]
[Annotator "RC"]
[PlyCount "102"]
[EventDate "2019.07.04"]
[EventType "swiss"]
[EventCountry "ESP"]
[SourceTitle "playchess.com"]
[Source "ChessBase"]
[SourceQuality "1"]
[TimeControl "5400+30"]

1. e4 c5 2. Nf3 Nc6 3. Bb5 g6 4. Bxc6 bxc6 5. O-O Bg7 6. Re1 Nh6 7. c3 O-O 8. d4 cxd4 9. cxd4 d5 10. e5 f6 11. Qc2 Qb6 12. exf6 exf6 13. b3 Bf5 14. Qc3 Rfe8 15. Ba3 Qa6 16. Bc5 Re2 17. Rxe2 Qxe2 18. Qd2 Re8 19. Qxe2 Rxe2 20. Nc3 Rc2 21. Nd1 a6 22. h3 Re2 23. Nc3 Rc2 24. Na4 g5 25. Bb4 g4 26. Ne1 Re2 27. hxg4 Nxg4 28. f3 Nh6 29. Kf1 Re8 30. Rc1 Bg6 31. Rxc6 Nf5 32. Rxa6 Nxd4 33. Nc5 Bf8 34. Rb6 Nf5 35. Ncd3 Bh6 36. f4 Ne3+ 37. Kf2 Ng4+ 38. Kg3 Bf5 39. Bc5 Re2 40. a4 Ne3 41. a5 Nf1+ 42. Kf3 Ra2 43. a6 Be4+ 44. Kg4 Kf7 45. Bd4 Bg7 46. Kh4 Kg6 47. Rc6 Bxd3 48. Nxd3 Rxg2 49. Ne1 Rh2+ 50. Kg4 h5+ 51. Kf3 Ra2 {[%emt 0:01:12] Ke4} 1-0

[Event "XXXIX Benasque Open 2019"]
[Site "Benasque"]
[Date "2019.07.11"]
[Round "8.9"]
[White "Cori T., Deysi"]
[Black "Markus, Robert"]
[Result "0-1"]
[ECO "E68"]
[WhiteElo "2405"]
[BlackElo "2595"]
[Annotator "ChessBase"]
[PlyCount "70"]
[EventDate "2019.07.04"]
[EventType "swiss"]
[EventCountry "ESP"]
[SourceTitle "playchess.com"]
[Source "ChessBase"]
[SourceQuality "1"]
[TimeControl "5400+30"]

1. d4 Nf6 2. c4 d6 3. Nf3 Nbd7 4. Nc3 e5 5. g3 g6 6. Bg2 Bg7 7. O-O O-O 8. e4 h6 9. h3 Nh7 10. Be3 Ng5 11. Nxg5 hxg5 12. Rc1 c6 13. b3 Re8 14. dxe5 dxe5 15. Qd2 Bf6 16. Rfd1 Qe7 17. Na4 b6 18. c5 b5 19. Nc3 Nf8 20. Nd5 cxd5 21. exd5 e4 22. d6 Qe6 23. c6 Rd8 24. Qb4 a5 25. Qxe4 Rxd6 26. Rxd6 Qxd6 27. c7 Ra6 28. Qb7 Qd7 29. Qb8 Bb2 30. Rc5 Rd6 31. Rxb5 Bd4 32. Bxd4 Rxd4 33. Rxa5 Rd1+ 34. Kh2 Rc1 35. Rxg5 Qd1 0-1

[Event "XXXIX Benasque Open 2019"]
[Site "Benasque"]
[Date "2019.07.11"]
[Round "8.10"]
[White "Cruz, Cristhian"]
[Black "Enchev, Ivajlo"]
[Result "1-0"]
[ECO "E54"]
[WhiteElo "2562"]
[BlackElo "2487"]
[Annotator "ChessBase"]
[PlyCount "55"]
[EventDate "2019.07.04"]
[EventType "swiss"]
[EventCountry "ESP"]
[SourceTitle "playchess.com"]
[Source "ChessBase"]
[SourceQuality "1"]
[TimeControl "5400+30"]

1. d4 Nf6 2. c4 e6 3. Nc3 Bb4 4. e3 O-O 5. Bd3 d5 6. Nf3 dxc4 7. Bxc4 c5 8. O-O b6 9. a3 cxd4 10. exd4 Bxc3 11. bxc3 Qc7 12. Qe2 Bb7 13. Bd2 Nbd7 14. Bd3 Rad8 15. Rac1 Rfe8 16. Bg5 Qd6 17. Bb5 Bc6 18. a4 Rc8 19. Rfe1 Qd5 20. c4 Qf5 21. Bh4 Nb8 22. Bg3 a6 23. Bxc6 Nxc6 24. h3 Red8 25. Qb2 Qa5 26. Bh4 Qb4 27. Qa1 Na5 28. Bxf6 1-0

[Event "XXXIX Benasque Open 2019"]
[Site "Benasque"]
[Date "2019.07.12"]
[Round "9.1"]
[White "Hovhannisyan, Robert"]
[Black "Indjic, Aleksandar"]
[Result "1-0"]
[ECO "C78"]
[WhiteElo "2640"]
[BlackElo "2604"]
[Annotator "ChessBase"]
[PlyCount "95"]
[EventDate "2019.07.04"]
[EventType "swiss"]
[EventCountry "ESP"]
[SourceTitle "playchess.com"]
[Source "ChessBase"]
[SourceQuality "1"]
[TimeControl "5400+30"]

1. e4 e5 2. Nf3 Nc6 3. Bb5 a6 4. Ba4 Nf6 5. O-O b5 6. Bb3 Bb7 7. d3 Be7 8. Nc3 O-O 9. Re1 d6 10. a3 Qd7 11. Bd2 Rac8 12. a4 Nd4 13. Nxd4 exd4 14. Nd5 Nxd5 15. Bxd5 c6 16. Bb3 Bf6 17. Qh5 g6 18. Qf3 Bg7 19. axb5 axb5 20. Ra7 Ra8 21. Rea1 Rxa7 22. Rxa7 Qc7 23. h4 Qb8 24. Ra5 Qc7 25. h5 Ra8 26. Rxa8+ Bxa8 27. Bf4 Qd7 28. Bxd6 Bb7 29. Qg3 gxh5 30. e5 Bc8 31. Qf4 Qe8 32. Qxd4 Be6 33. Bxe6 fxe6 34. Qe4 Qa8 35. Qf3 Qe8 36. c4 Kh8 37. b3 Kg8 38. cxb5 cxb5 39. d4 h4 40. Qg4 Qg6 41. Qxh4 Qb1+ 42. Kh2 Qxb3 43. Qd8+ Kf7 44. Qe7+ Kg6 45. Qe8+ Kh6 46. g4 Kg5 47. Qh5+ Kf4 48. Qf7+ 1-0

[Event "XXXIX Benasque Open 2019"]
[Site "Benasque"]
[Date "2019.07.12"]
[Round "9.2"]
[White "Vazquez Igarza, Renier"]
[Black "Bartel, Mateusz"]
[Result "1/2-1/2"]
[ECO "A40"]
[WhiteElo "2558"]
[BlackElo "2600"]
[Annotator "ChessBase"]
[PlyCount "32"]
[EventDate "2019.07.04"]
[EventType "swiss"]
[EventCountry "ESP"]
[SourceTitle "playchess.com"]
[Source "ChessBase"]
[SourceQuality "1"]
[TimeControl "5400+30"]

1. d4 e6 2. c4 b6 3. Nf3 Bb7 4. g3 Bb4+ 5. Bd2 Bxf3 6. exf3 Bxd2+ 7. Qxd2 d5 8. Nc3 Ne7 9. O-O-O O-O 10. h4 Nbc6 11. h5 h6 12. g4 Kh8 13. Rg1 f6 14. f4 Qd6 15. Qe3 Rad8 16. Kb1 dxc4 1/2-1/2